 Dungeon Crawl Stone Soup version 0.20.1-1-g8b1a95d (webtiles) character file.

1934 Zachthehappycat the Basher (level 8, 0/109 HPs)
             Began as a Minotaur Berserker on July 8, 2017.
             Was an Elder of Trog.
             Slain by an orc warrior
             ... wielding a +1 trident of flaming
              (5 damage)
             ... on level 7 of the Dungeon.
             The game lasted 00:26:01 (6129 turns).

Zachthehappycat the Basher (Minotaur Berserker)     Turns: 6129, Time: 00:26:02

Health: 0/109      AC: 17    Str: 27    XL:     8   Next: 97%
Magic:  0/7        EV: 10    Int:  4    God:    Trog [****..]
Gold:   335        SH:  0    Dex: 12    Spells: 7/7 levels left

rFire    x . .     SeeInvis .   D - +0 morningstar
rCold    + . .     Gourm    .   (no shield)
rNeg     + . .     Faith    .   S - +2 plate armour {rN+}
rPois    +         Spirit   +   (helmet restricted)
rElec    .         Reflect  .   w - +0 cloak
rCorr    .         Harm     .   (no gloves)
MR       .....                  b - +0 pair of boots
Stlth    ..........             k - amulet of guardian spirit
Regen    0.3/turn               g - ring of poison resistance
MPRegen  0.1/turn               x - ring of ice

@: berserking (expiring), very quick
A: retaliatory headbutt, horns 2
a: Berserk, Trog's Hand, Brothers in Arms, Burn Spellbooks, Renounce Religion


You were on level 7 of the Dungeon.
You worshipped Trog.
Trog was greatly pleased with you.
You were very hungry.

You visited 1 branch of the dungeon, and saw 7 of its levels.

You collected 335 gold pieces.

Inventory:

Hand Weapons
 u - a +0 short sword of holy wrath
 A - a +0 whip of flaming
 D - a +0 morningstar (weapon)
 F - a +2 trident of venom
 I - a +2 flail of protection
 J - a +0 shortbow
Missiles
 e - 259 stones (quivered)
 K - 47 arrows
Armour
 b - a +0 pair of boots (worn)
 w - a +0 cloak (worn)
 S - a +2 plate armour of positive energy (worn)
Jewellery
 g - a ring of poison resistance (left hand)
 k - an amulet of guardian spirit (around neck)
 x - a ring of ice (right hand)
 P - an uncursed ring of fire
Wands
 y - a wand of polymorph (9/24)
 E - a wand of acid (7/15)
Scrolls
 h - 7 scrolls of teleportation
 j - 2 scrolls of fog {unknown}
 n - 2 scrolls of blinking
 o - 3 scrolls of amnesia
 q - 2 scrolls of fear
 r - 2 scrolls of enchant weapon
 s - 2 scrolls of remove curse
 t - 2 scrolls of recharging {unknown}
 v - 2 scrolls of enchant armour {unknown}
 G - 2 scrolls of immolation {unknown}
 M - a scroll of random uselessness
Potions
 i - 3 potions of heal wounds {unknown}
 l - 2 potions of agility {unknown}
 m - 3 potions of curing
 p - 2 potions of haste {unknown}
 z - a potion of berserk rage {unknown}
 B - a potion of resistance {unknown}
 H - a potion of magic {unknown}
 L - a potion of mutation {unknown}
 N - a potion of lignification {unknown}
 O - a potion of ambrosia {unknown}
 Q - a potion of flight {unknown}
Comestibles
 c - 4 bread rations
 d - 3 meat rations
 f - 3 royal jellies
 C - 28 fruits


   Skills:
 + Level 7.1 Fighting
 * Level 9.3 Maces & Flails
 + Level 6.5 Armour
 + Level 6.5 Dodging


You had 7 spell levels left.
You didn't know any spells.

Dungeon Overview and Level Annotations

Branches:
Dungeon (7/15)             Temple (0/1) D:5

Altars:
Dithmenos
Gozag
Hepliaklqana
Kikubaaqudgha
Nemelex Xobeh
Sif Muna
Trog
Uskayaw
Yredelemnul
Zin
The Shining One

Annotations:
D:6 Blork the orc


Innate Abilities, Weirdness & Mutations

You reflexively headbutt those who attack you in melee.
You have a pair of horns on your head.


Message History

The orc warrior burns you.
* * * LOW HITPOINT WARNING * * *
Something hits you but does no damage.
You sock the orc!
You kill the orc!
Trog accepts your kill. Something hits you but does no damage.
The orc warrior hits you from afar with a trident of flaming!
* * * LOW HITPOINT WARNING * * *
The orc warrior burns you.
* * * LOW HITPOINT WARNING * * *
You closely miss something.
You are too berserk!
You are too berserk!
You are too berserk!
You are too berserk!
You are too berserk!
You closely miss something. Something hits you but does no damage.
The orc warrior hits you from afar with a trident of flaming.
You die...

#..........# #..#.# ##...#
#.######.### #.# ## #.# #....#
#.# #.#####.# #.#.# #..#.# #.#
#.......# #.#.# #..#.# ##.##
##.#.##.# #.#.# #..#.# ....#
#.#.##.# #.#.###..#.##. ##..###
#.#.##.# #...o.........
......####.#.##.####.#.###).#.###
##..............@)##.#.# #..#.#
##.#.####......{)o..[.###..# #
##.#.######.####...........#
#.......# #.# ####.####.....#
##.......# #.# #..# #.#####
.........###.# ##.# #.#
##...........# #.# #.# ##.......#
### #.# #.# ##.......# #.# #.#


You could see an orc warrior.

Vanquished Creatures
  A hungry ghost (D:7)
  The ghost of StormFighter the Skirmisher, an amateur OgHu (D:3)
  2 orc warriors (D:7)
  An ice beast (D:7)
  3 ogres
  A centaur (D:5)
  A phantom (D:7)
  2 bullfrogs
  A water moccasin zombie (D:7)
  A crimson imp (D:6)
  A centaur zombie (D:5)
  A hound (D:6)
  4 orc wizards
  3 orc priests
  2 gnoll shamans (D:5)
  An iguana (D:3)
  3 worker ants
  10 gnolls
  15 adders
  An ooze (D:3)
  2 adder zombies (D:6)
  3 adder skeletons
  A worm (D:3)
  A dart slug (D:1)
  3 leopard geckos
  16 orcs
  4 bats
  4 giant cockroaches
  9 goblins
  9 hobgoblins
  9 jackals
  8 kobolds
  3 quokkas
  6 frilled lizards
  A jackal zombie (D:6)
  A leopard gecko skeleton (D:5)
  A leopard gecko zombie (D:5)
  6 rats
142 creatures vanquished.

Notes
Turn   | Place    | Note
-------+----------+-------------------------------------------
     0 | D:1      | Zachthehappycat the Minotaur Berserker began the quest for the Orb.
     0 | D:1      | Reached XP level 1. HP: 19/19 MP: 0/0
   151 | D:1      | Reached skill level 4 in Maces & Flails
   167 | D:1      | Reached XP level 2. HP: 20/27 MP: 1/1
   556 | D:1      | Reached XP level 3. HP: 28/33 MP: 2/2
   663 | D:1      | Reached ** piety under Trog
   939 | D:2      | Found a bloodstained altar of Trog.
  1277 | D:2      | Reached XP level 4. HP: 38/40 MP: 3/3
  1807 | D:3      | Noticed StormFighter's ghost (amateur OgHu)
  1818 | D:3      | Killed StormFighter's ghost
  1818 | D:3      | Reached skill level 5 in Maces & Flails
  1818 | D:3      | Reached XP level 5. HP: 32/47 MP: 2/4
  1932 | D:3      | Found a glowing golden altar of the Shining One.
  2085 | D:3      | Reached *** piety under Trog
  2180 | D:3      | Found an ancient bone altar of Kikubaaqudgha.
  2271 | D:3      | Reached XP level 6. HP: 48/55 MP: 2/5
  2490 | D:3      | Found an opulent altar of Gozag.
  2491 | D:3      | Found a sparkling altar of Nemelex Xobeh.
  2762 | D:4      | Found a basalt altar of Yredelemnul.
  2870 | D:4      | Reached skill level 5 in Fighting
  2870 | D:4      | Reached skill level 6 in Maces & Flails
  3209 | D:4      | Found a shadowy altar of Dithmenos.
  3536 | D:5      | Entered Level 5 of the Dungeon
  3655 | D:5      | Reached XP level 7. HP: 61/61 MP: 6/6
  3662 | D:5      | Reached skill level 5 in Dodging
  4284 | D:5      | Found a staircase to the Ecumenical Temple.
  4649 | D:5      | Reached skill level 7 in Maces & Flails
  4649 | D:5      | Reached skill level 5 in Armour
  4931 | D:6      | Reached XP level 8. HP: 64/70 MP: 5/7
  4949 | D:6      | Reached **** piety under Trog
  4994 | D:6      | Found a glowing silver altar of Zin.
  4995 | D:6      | Found a hazy altar of Hepliaklqana.
  5172 | D:6      | Noticed Blork the orc
  5192 | D:6      | Found a deep blue altar of Sif Muna.
  5480 | D:7      | Found a hide-covered altar of Uskayaw.
  5480 | D:7      | Noticed a dagger
  5481 | D:7      | Noticed a hand axe
  5498 | D:7      | Reached skill level 8 in Maces & Flails
  6029 | D:7      | Reached skill level 9 in Maces & Flails
  6127 | D:7      | HP: 5/109 [orc warrior/trident of flaming (5)]
  6129 | D:7      | Slain by an orc warrior

Skill      XL: |  1  2  3  4  5  6  7  8 |
---------------+-------------------------+-----
Maces & Flails | 4 5 6 7 9 |  9.3
Fighting       | 4 5 6 7 |  7.1
Dodging        | 3 4 5 6 |  6.5
Armour         | 3 4 5 6 |  6.5

Action                   |  1- 3 |  4- 6 |  7- 9 || total
-------------------------+-------+-------+-------++-------
Melee: Mace              |    30 |       |       ||    30
       Headbutt          |    15 |    25 |    32 ||    72
       Whip              |    88 |   187 |    23 ||   298
       Morningstar       |       |       |   128 ||   128
       Trident           |       |       |     2 ||     2
 Fire: Shortbow          |       |       |     3 ||     3
Invok: Berserk           |       |     3 |     4 ||     7
       Trog's Hand       |       |       |     1 ||     1
  Use: Scroll            |     4 |     3 |     3 ||    10
 Stab: Distracted        |     1 |       |       ||     1
  Eat: Chunk             |     1 |     9 |    15 ||    25
Armor: Animal skin       |    21 |     7 |       ||    28
       Plate armour      |       |    76 |   121 ||   197
Dodge: Dodged            |    79 |    87 |    80 ||   246
